| Goals | Penalties |
No Goal
|
No Penalty
|
No Goal
|
No Penalty
|
No Goal
|
No Penalty
|
1. Stars , Jakub Lauko 20 (Jimmy Huntington 2) at 2:31
|
No Penalty
|
|
Jet Greaves (LOS), 5 saves from 6 shots - (0,833), OTL, 13-22-10, 62:31 minutes
Matthew Murray (DAL), 5 saves from 5 shots - (1,000), W, 15-23-10, 62:31 minutes
|
|
1 - Jakub Lauko (DAL)
2 - Jimmy Huntington (DAL)
3 - Matthew Murray (DAL)
|
Referees : Marc Joannette and Anna Wiegand
Linesman : Cassandra Gregory and Kiel Murchison
|
|
| No Game Note
|
| Team Name |
Goals |
Shots |
Shots Attemp |
Shots Blocked |
PIM |
HIT |
PP |
PK |
FO% |
| Reign |
0 | 5 | 16 | 0 | 0 | 18 | 0 / 0 (0% | 0 | 57% |
| Stars |
1 | 6 | 7 | 3 | 0 | 11 | 0 / 0 (0% | 0 | 43% |
Reign
| Player Name |
POS |
G |
A |
P |
+/- |
PIM |
HIT |
SHT |
SB |
MP |
PP MP |
PP SHT |
PK MP |
PK SHT |
FO% |
FOT |
GA |
TA |
| Albert Johansson | D | 0 | 0 | 0 | 0 | 0 | 0 | 0 | 0 | 5:14 | 0:00 | 0 | 0:00 | 0 | 0% |
0 | 0 | 0 |
| Carter Mazur | LW | 0 | 0 | 0 | 0 | 0 | 1 | 0 | 0 | 17:27 | 0:00 | 0 | 0:00 | 0 | 0% |
1 | 0 | 0 |
| Georgii Merkulov | LW | 0 | 0 | 0 | 0 | 0 | 1 | 0 | 0 | 19:28 | 0:00 | 0 | 0:00 | 0 | 0% |
0 | 1 | 0 |
| Hardy Haman Aktell | D | 0 | 0 | 0 | -1 | 0 | 0 | 0 | 0 | 21:24 | 0:00 | 0 | 0:00 | 0 | 0% |
0 | 0 | 0 |
| Jacob Bernard-Docker | D | 0 | 0 | 0 | 0 | 0 | 0 | 0 | 0 | 7:30 | 0:00 | 0 | 0:00 | 0 | 0% |
0 | 0 | 0 |
| Jacob Peterson | C/LW | 0 | 0 | 0 | 0 | 0 | 2 | 0 | 0 | 20:50 | 0:00 | 0 | 0:00 | 0 | 60% |
10 | 0 | 0 |
| Jan Jenik | C | 0 | 0 | 0 | -1 | 0 | 0 | 1 | 0 | 19:09 | 0:00 | 0 | 0:00 | 0 | 50% |
2 | 0 | 0 |
| Kevin Korchinski | D | 0 | 0 | 0 | 0 | 0 | 0 | 0 | 0 | 19:53 | 0:00 | 0 | 0:00 | 0 | 100% |
1 | 0 | 0 |
| Louie Belpedio | D | 0 | 0 | 0 | 0 | 0 | 3 | 0 | 0 | 22:04 | 0:00 | 0 | 0:00 | 0 | 0% |
0 | 0 | 0 |
| Lukas Rousek | RW | 0 | 0 | 0 | 0 | 0 | 2 | 0 | 0 | 19:27 | 0:00 | 0 | 0:00 | 0 | 0% |
0 | 0 | 0 |
| Martin Pospisil | RW | 0 | 0 | 0 | 0 | 0 | 1 | 1 | 0 | 20:43 | 0:00 | 0 | 0:00 | 0 | 100% |
3 | 1 | 1 |
| Nick DeSimone | D | 0 | 0 | 0 | 0 | 0 | 2 | 1 | 0 | 24:58 | 0:00 | 0 | 0:00 | 0 | 100% |
2 | 0 | 1 |
| Nikolas Matinpalo | D | 0 | 0 | 0 | 0 | 0 | 0 | 0 | 0 | 10:24 | 0:00 | 0 | 0:00 | 0 | 0% |
0 | 1 | 1 |
| Oliver Kylington | D | 0 | 0 | 0 | 0 | 0 | 0 | 1 | 0 | 24:45 | 0:00 | 0 | 0:00 | 0 | 0% |
0 | 1 | 0 |
| Pavol Regenda | LW/RW | 0 | 0 | 0 | 0 | 0 | 1 | 0 | 0 | 12:49 | 0:00 | 0 | 0:00 | 0 | 0% |
0 | 0 | 0 |
| Ryan Tverberg | C/RW | 0 | 0 | 0 | 0 | 0 | 2 | 0 | 0 | 18:17 | 0:00 | 0 | 0:00 | 0 | 0% |
3 | 0 | 1 |
| Shakir Mukhamadullin | D | 0 | 0 | 0 | 0 | 0 | 0 | 0 | 0 | 1:06 | 0:00 | 0 | 0:00 | 0 | 0% |
0 | 0 | 0 |
| Vinnie Hinostroza | LW/RW | 0 | 0 | 0 | -1 | 0 | 3 | 1 | 0 | 22:05 | 0:00 | 0 | 0:00 | 0 | 0% |
1 | 0 | 0 |
Stars
| Player Name |
POS |
G |
A |
P |
+/- |
PIM |
HIT |
SHT |
SB |
MP |
PP MP |
PP SHT |
PK MP |
PK SHT |
FO% |
FOT |
GA |
TA |
| Calle Rosen | D | 0 | 0 | 0 | 0 | 0 | 0 | 0 | 0 | 21:57 | 0:00 | 0 | 0:00 | 0 | 0% |
0 | 1 | 0 |
| Chris Terry | C/LW/RW | 0 | 0 | 0 | 0 | 0 | 1 | 0 | 0 | 19:36 | 0:00 | 0 | 0:00 | 0 | 0% |
1 | 0 | 0 |
| Drake Caggiula | LW/RW | 0 | 0 | 0 | 0 | 0 | 1 | 1 | 0 | 20:46 | 0:00 | 0 | 0:00 | 0 | 100% |
2 | 0 | 0 |
| Ethan Prow | D | 0 | 0 | 0 | 1 | 0 | 1 | 1 | 0 | 11:04 | 0:00 | 0 | 0:00 | 0 | 0% |
0 | 0 | 0 |
| Ethen Frank | C | 0 | 0 | 0 | 0 | 0 | 2 | 0 | 0 | 18:51 | 0:00 | 0 | 0:00 | 0 | 0% |
3 | 1 | 0 |
| Isaak Phillips | D | 0 | 0 | 0 | 0 | 0 | 1 | 0 | 1 | 21:03 | 0:00 | 0 | 0:00 | 0 | 0% |
0 | 0 | 0 |
| Jake Livingstone | D | 0 | 0 | 0 | 0 | 0 | 1 | 0 | 0 | 17:39 | 0:00 | 0 | 0:00 | 0 | 0% |
0 | 0 | 0 |
| Jakub Lauko | LW/RW | 1 | 0 | 1 | 1 | 0 | 1 | 1 | 0 | 21:19 | 0:00 | 0 | 0:00 | 0 | 0% |
0 | 0 | 1 |
| Jayson Megna | C/LW/RW | 0 | 0 | 0 | 0 | 0 | 0 | 1 | 0 | 21:15 | 0:00 | 0 | 0:00 | 0 | 80% |
5 | 0 | 0 |
| Jesper Froden | RW | 0 | 0 | 0 | 0 | 0 | 1 | 0 | 1 | 19:12 | 0:00 | 0 | 0:00 | 0 | 0% |
0 | 1 | 0 |
| Jimmy Huntington | C | 0 | 1 | 1 | 1 | 0 | 0 | 0 | 0 | 13:13 | 0:00 | 0 | 0:00 | 0 | 33% |
3 | 0 | 0 |
| Joe Hicketts | D | 0 | 0 | 0 | 0 | 0 | 0 | 0 | 0 | 18:12 | 0:00 | 0 | 0:00 | 0 | 0% |
0 | 1 | 0 |
| Kevin Connauton | D | 0 | 0 | 0 | 0 | 0 | 1 | 0 | 0 | 21:03 | 0:00 | 0 | 0:00 | 0 | 0% |
0 | 0 | 0 |
| Logan Morrison | C | 0 | 0 | 0 | 0 | 0 | 0 | 2 | 1 | 16:44 | 0:00 | 0 | 0:00 | 0 | 50% |
4 | 0 | 0 |
| Nikita Nesterenko | C | 0 | 0 | 0 | 0 | 0 | 0 | 0 | 0 | 0:14 | 0:00 | 0 | 0:00 | 0 | 0% |
0 | 0 | 0 |
| Pavel Dorofeyev | LW/RW | 0 | 0 | 0 | 0 | 0 | 0 | 0 | 0 | 21:01 | 0:00 | 0 | 0:00 | 0 | 20% |
5 | 0 | 1 |
| Ryan Shea | D | 0 | 0 | 0 | 0 | 0 | 0 | 0 | 0 | 22:05 | 0:00 | 0 | 0:00 | 0 | 0% |
0 | 0 | 2 |
| Zac Dalpe | C | 0 | 0 | 0 | 0 | 0 | 1 | 0 | 0 | 2:19 | 0:00 | 0 | 0:00 | 0 | 0% |
0 | 0 | 0 |
Reign
| 5 vs 5 Forward |
|---|
| Line # | Left Wing | Center | Right Wing | PHY | DF | OF | Wanted % | Time % | Time Play |
| 1 | Martin Pospisil | Jacob Peterson | Vinnie Hinostroza | 1 | 0 | 4 | 44 | 37% | 22:29
|
| 2 | Georgii Merkulov | Martin Pospisil | Lukas Rousek | 4 | 0 | 1 | 32 | 38% | 22:50
|
| 3 | Vinnie Hinostroza | Jacob Peterson | Jan Jenik | 2 | 3 | 0 | 16 | 21% | 12:48
|
| 4 | Vinnie Hinostroza | Jacob Peterson | Martin Pospisil | 2 | 1 | 2 | 8 | 3% | 1:53
|
| 5 vs 5 Defense |
|---|
| Line # | Defense | Defense | | PHY | DF | OF | Wanted % | Time % | Time Play |
| 1 | Oliver Kylington | Nick DeSimone | | 2 | 2 | 1 | 45 | 38% | 22:35
|
| 2 | Oliver Kylington | Louie Belpedio | | 2 | 0 | 3 | 30 | 33% | 19:38
|
| 3 | Oliver Kylington | Nick DeSimone | | 1 | 4 | 0 | 20 | 14% | 8:20
|
| 4 | Kevin Korchinski | Oliver Kylington | | 1 | 2 | 2 | 5 | 16% | 9:27
|
| Power Play Forward |
|---|
| Line # | Left Wing | Center | Right Wing | PHY | DF | OF | Wanted % | Time % | Time Play |
| 1 | Martin Pospisil | Jacob Peterson | Vinnie Hinostroza | 1 | 1 | 3 | 70 | 0% | 0:00
|
| 2 | Vinnie Hinostroza | Jacob Peterson | Martin Pospisil | 1 | 0 | 4 | 30 | 0% | 0:00
|
| Power Play Defense |
|---|
| Line # | Defense | Defense | | PHY | DF | OF | Wanted % | Time % | Time Play |
| 1 | Oliver Kylington | Nick DeSimone | | 0 | 2 | 3 | 63 | 0% | 0:00
|
| 2 | Oliver Kylington | Louie Belpedio | | 1 | 2 | 2 | 37 | 0% | 0:00
|
| Penalty Kill 4 Players Forward |
|---|
| Line # | Center | Wing | PHY | DF | OF | Wanted % | Time % | Time Play |
| 1 | Jacob Peterson | Martin Pospisil | 1 | 3 | 1 | 60 | 0% | 0:00
|
| 2 | Jacob Peterson | Vinnie Hinostroza | 1 | 4 | 0 | 40 | 0% | 0:00
|
| Penalty Kill 4 Players Defense |
|---|
| Line # | Defense | Defense | PHY | DF | OF | Wanted % | Time % | Time Play |
| 1 | Oliver Kylington | Nick DeSimone | 1 | 2 | 2 | 60 | 0% | 0:00
|
| 2 | Oliver Kylington | Louie Belpedio | 1 | 2 | 2 | 40 | 0% | 0:00
|
| Penalty Kill 3 Players |
|---|
| Line # | Wing | PHY | DF | OF | Wanted % | Time % | Time Play | Defense | Defense | PHY | DF | OF | Wanted % | Time % | Time Play |
| 1 | Jacob Peterson | 1 | 4 | 0 | 51 | 0% | 0:00
| Oliver Kylington | Nick DeSimone | 1 | 2 | 2 | 60 | 0% | 0:00
|
| 2 | Jacob Peterson | 0 | 4 | 1 | 49 | 0% | 0:00
| Oliver Kylington | Louie Belpedio | 1 | 2 | 2 | 40 | 0% | 0:00
|
| 4 vs 4 Forward |
|---|
| Line # | Center | Wing | PHY | DF | OF | Wanted % | Time % | Time Play |
| 1 | Jacob Peterson | Martin Pospisil | 2 | 1 | 2 | 60 | 0% | 0:00
|
| 2 | Jacob Peterson | Martin Pospisil | 1 | 1 | 3 | 40 | 0% | 0:00
|
| 4 vs 4 Defense |
|---|
| Line # | Defense | | PHY | DF | OF | Wanted % | Time % | Time Play |
| 1 | Oliver Kylington | Nick DeSimone | 1 | 3 | 1 | 60 | 0% | 0:00
|
| 2 | Nick DeSimone | Louie Belpedio | 1 | 3 | 1 | 40 | 0% | 0:00
|
| Last Minutes Offensive |
|---|
| Left Wing | Center | Right Wing | Defense | Defense |
| Martin Pospisil | Jacob Peterson | Vinnie Hinostroza | Oliver Kylington | Nick DeSimone |
| Last Minutes Defensive |
|---|
| Left Wing | Center | Right Wing | Defense | Defense |
| Martin Pospisil | Jacob Peterson | Vinnie Hinostroza | Oliver Kylington | Nick DeSimone |
| Time |
|---|
| Total Forward | Total Defense | Last Minutes Offensive | Last Minutes Defensive |
| 60:00 |
60:00 |
0:00 | 0:00 |
| Extra Forwards |
|---|
| Normal | PowerPlay | Penalty Kill |
|
Jacob Peterson, Georgii Merkulov, Martin Pospisil | Jacob Peterson, Jan Jenik | Jacob Peterson |
| Extra Defensemen |
|---|
| Normal | PowerPlay | Penalty Kill |
|
Oliver Kylington, Nick DeSimone, Louie Belpedio | Oliver Kylington, Oliver Kylington | Nick DeSimone |
| Penalty Shots |
|---|
|
Georgii Merkulov, Jacob Peterson, Martin Pospisil, Jan Jenik, Lukas Rousek |
| Goalie |
|---|
| Jet Greaves, Vadim Zherenko |
| Scratches |
|---|
|
Dylan Wendt (Healthy), Ethan Samson (Healthy), Gannon Laroque (Healthy), James Malatesta (Healthy), Jared Davidson (Healthy)
Justin Hryckowian (Healthy), Sam Morton (Healthy), Viktor Neuchev (Healthy), Akil Thomas (Healthy), Nolan Stevens (Healthy)
Michal Teply (Healthy), Ryan Jones (Healthy), Colin Theisen (Healthy), Nathan Smith (Healthy), Nick Cicek (Healthy)
Samuel Laberge (Healthy), Danil Gushchin (Torso Injury), Parker Ford (Healthy), Drew Commesso (Healthy), Georgi Romanov (Healthy)
Nikita Tolopilo (Healthy), Calle Clang (Healthy) |
Stars
| 5 vs 5 Forward |
|---|
| Line # | Left Wing | Center | Right Wing | PHY | DF | OF | Wanted % | Time % | Time Play |
| 1 | Jakub Lauko | Jayson Megna | Pavel Dorofeyev | 1 | 1 | 3 | 40 | 34% | 20:28
|
| 2 | Jayson Megna | Ethen Frank | Chris Terry | 1 | 2 | 2 | 30 | 35% | 20:45
|
| 3 | Drake Caggiula | Pavel Dorofeyev | Jesper Froden | 1 | 3 | 1 | 20 | 20% | 12:05
|
| 4 | Chris Terry | Jakub Lauko | Jesper Froden | 1 | 3 | 1 | 10 | 11% | 6:42
|
| 5 vs 5 Defense |
|---|
| Line # | Defense | Defense | | PHY | DF | OF | Wanted % | Time % | Time Play |
| 1 | Calle Rosen | Ryan Shea | | 1 | 2 | 2 | 40 | 38% | 22:45
|
| 2 | Isaak Phillips | Kevin Connauton | | 1 | 2 | 2 | 35 | 34% | 20:07
|
| 3 | Joe Hicketts | Jake Livingstone | | 1 | 2 | 2 | 25 | 27% | 16:23
|
| 4 | Calle Rosen | Kevin Connauton | | 1 | 2 | 2 | 0 | 1% | 0:45
|
| Power Play Forward |
|---|
| Line # | Left Wing | Center | Right Wing | PHY | DF | OF | Wanted % | Time % | Time Play |
| 1 | Jakub Lauko | Jayson Megna | Pavel Dorofeyev | 1 | 1 | 3 | 60 | 0% | 0:00
|
| 2 | Chris Terry | Jayson Megna | Jesper Froden | 1 | 1 | 3 | 40 | 0% | 0:00
|
| Power Play Defense |
|---|
| Line # | Defense | Defense | | PHY | DF | OF | Wanted % | Time % | Time Play |
| 1 | Calle Rosen | Kevin Connauton | | 1 | 2 | 2 | 60 | 0% | 0:00
|
| 2 | Calle Rosen | Kevin Connauton | | 1 | 2 | 2 | 40 | 0% | 0:00
|
| Penalty Kill 4 Players Forward |
|---|
| Line # | Center | Wing | PHY | DF | OF | Wanted % | Time % | Time Play |
| 1 | Jayson Megna | Chris Terry | 1 | 2 | 2 | 60 | 0% | 0:00
|
| 2 | Ethen Frank | Drake Caggiula | 1 | 2 | 2 | 40 | 0% | 0:00
|
| Penalty Kill 4 Players Defense |
|---|
| Line # | Defense | Defense | PHY | DF | OF | Wanted % | Time % | Time Play |
| 1 | Calle Rosen | Kevin Connauton | 1 | 2 | 2 | 60 | 0% | 0:00
|
| 2 | Jake Livingstone | Calle Rosen | 1 | 2 | 2 | 40 | 0% | 0:00
|
| Penalty Kill 3 Players |
|---|
| Line # | Wing | PHY | DF | OF | Wanted % | Time % | Time Play | Defense | Defense | PHY | DF | OF | Wanted % | Time % | Time Play |
| 1 | Jayson Megna | 1 | 2 | 2 | 60 | 0% | 0:00
| Calle Rosen | Kevin Connauton | 1 | 2 | 2 | 60 | 0% | 0:00
|
| 2 | Chris Terry | 1 | 2 | 2 | 40 | 0% | 0:00
| Calle Rosen | Jake Livingstone | 1 | 2 | 2 | 40 | 0% | 0:00
|
| 4 vs 4 Forward |
|---|
| Line # | Center | Wing | PHY | DF | OF | Wanted % | Time % | Time Play |
| 1 | Jayson Megna | Pavel Dorofeyev | 1 | 2 | 2 | 60 | 0% | 0:00
|
| 2 | Chris Terry | Jakub Lauko | 1 | 2 | 2 | 40 | 0% | 0:00
|
| 4 vs 4 Defense |
|---|
| Line # | Defense | | PHY | DF | OF | Wanted % | Time % | Time Play |
| 1 | Calle Rosen | Kevin Connauton | 1 | 2 | 2 | 60 | 0% | 0:00
|
| 2 | Jake Livingstone | Kevin Connauton | 1 | 2 | 2 | 40 | 0% | 0:00
|
| Last Minutes Offensive |
|---|
| Left Wing | Center | Right Wing | Defense | Defense |
| Jakub Lauko | Jayson Megna | Pavel Dorofeyev | Calle Rosen | Kevin Connauton |
| Last Minutes Defensive |
|---|
| Left Wing | Center | Right Wing | Defense | Defense |
| Chris Terry | Jayson Megna | Pavel Dorofeyev | Calle Rosen | Kevin Connauton |
| Time |
|---|
| Total Forward | Total Defense | Last Minutes Offensive | Last Minutes Defensive |
| 60:00 |
60:00 |
0:00 | 0:00 |
| Extra Forwards |
|---|
| Normal | PowerPlay | Penalty Kill |
|
Pavel Dorofeyev, Jesper Froden, Ethen Frank | Jayson Megna, Jesper Froden | Jayson Megna |
| Extra Defensemen |
|---|
| Normal | PowerPlay | Penalty Kill |
|
Calle Rosen, Jake Livingstone, Kevin Connauton | Calle Rosen, Kevin Connauton | Calle Rosen |
| Penalty Shots |
|---|
|
Pavel Dorofeyev, Jakub Lauko, Chris Terry, Jayson Megna, Jesper Froden |
| Goalie |
|---|
| Matthew Murray, Jeremy Brodeur |
| Scratches |
|---|
|
Joel L'Esperance (Healthy), Adam Brooks (Healthy), Josh Melnick (Healthy), Austin Wagner (Healthy), Joseph Cecconi (Healthy)
Otto Koivula (Healthy), Joona Koppanen (Healthy), Zach Senyshyn (Healthy), Cameron Crotty (Healthy), Cole Maier (Healthy)
Byron Froese (Healthy), Felix Robert (Healthy), Cole Clayton (Healthy), Marc McLaughlin (Healthy), Philippe Daoust (Healthy)
Eddie Wittchow (Healthy), Noah Philp (Healthy), Peetro Seppala (Healthy), Tyler Inamoto (Healthy) |
Play-by-Play
1st period
0:01 of 1st period - Jayson Megna wins face-off versus Jacob Peterson in neutral zone.
0:36 of 1st period - Jayson Megna is hit by Martin Pospisil and loses puck.
1:34 of 1st period - Icing by Chris Terry.
1:35 of 1st period - Jacob Peterson wins face-off versus Ethen Frank in Stars zone.
1:38 of 1st period - Snap shot by Jan Jenik.
1:38 of 1st period - Stopped by Matthew Murray with a rebound.
6:26 of 1st period - Carter Mazur is hit by Ethan Prow.
9:09 of 1st period - Carter Mazur is hit by Jake Livingstone and loses puck.
10:01 of 1st period - Isaak Phillips is hit by Carter Mazur and loses puck.
14:01 of 1st period - Ryan Shea is hit by Louie Belpedio and loses puck.
14:38 of 1st period - Hardy Haman Aktell is hit by Isaak Phillips.
14:42 of 1st period - Vinnie Hinostroza is hit by Zac Dalpe and loses puck.
17:01 of 1st period - Jacob Peterson is hit by Jakub Lauko and loses puck.
Goals for this period are 0 for Reign vs 0 for Stars.
Shots for this period are 1 for Reign vs 0 for Stars.
2nd period
0:01 of 2nd period - Jayson Megna wins face-off versus Jacob Peterson in neutral zone.
0:14 of 2nd period - Oliver Kylington is hit by Kevin Connauton and loses puck.
1:15 of 2nd period - Snap shot by Lukas Rousek.
1:15 of 2nd period - Shot Misses the Net.
2:25 of 2nd period - Logan Morrison is hit by Ryan Tverberg and loses puck.
3:11 of 2nd period - Off-side.
3:12 of 2nd period - Logan Morrison wins face-off versus Jan Jenik in neutral zone.
4:11 of 2nd period - Kevin Connauton is hit by Nick DeSimone and loses puck.
4:46 of 2nd period - Icing by Jacob Peterson.
4:47 of 2nd period - Logan Morrison wins face-off versus Ryan Tverberg in Reign zone.
7:03 of 2nd period - Ryan Tverberg is hit by Drake Caggiula and loses puck.
7:16 of 2nd period - Chris Terry is hit by Nick DeSimone and loses puck.
7:29 of 2nd period - Wrist shot by Logan Morrison.
7:29 of 2nd period - Stopped by Jet Greaves without a rebound.
7:30 of 2nd period - Kevin Korchinski wins face-off versus Logan Morrison in Reign zone.
7:35 of 2nd period - Slapshot by Louie Belpedio.
7:35 of 2nd period - Shot Blocked by Logan Morrison.
10:42 of 2nd period - Jakub Lauko is hit by Louie Belpedio and loses puck.
11:08 of 2nd period - Icing by Ryan Shea.
11:09 of 2nd period - Martin Pospisil wins face-off versus Ethen Frank in Stars zone.
11:33 of 2nd period - Icing by Calle Rosen.
11:34 of 2nd period - Jacob Peterson wins face-off versus Logan Morrison in Stars zone.
12:06 of 2nd period - Jacob Peterson is hit by Jesper Froden and loses puck.
12:42 of 2nd period - Icing by Nick DeSimone.
12:43 of 2nd period - Jan Jenik wins face-off versus Pavel Dorofeyev in Reign zone.
12:51 of 2nd period - Icing by Calle Rosen.
12:52 of 2nd period - Martin Pospisil wins face-off versus Ethen Frank in Stars zone.
12:59 of 2nd period - Hardy Haman Aktell is hit by Chris Terry and loses puck.
13:12 of 2nd period - Snap shot by Vinnie Hinostroza.
13:12 of 2nd period - Deflect By Jacob Peterson.
13:12 of 2nd period - Shot Misses the Net.
13:12 of 2nd period - Puck is out of play.
13:13 of 2nd period - Jacob Peterson wins face-off versus Pavel Dorofeyev in Stars zone.
13:20 of 2nd period - Snap shot by Jacob Peterson.
13:20 of 2nd period - Shot Blocked by Isaak Phillips.
13:22 of 2nd period - Snap shot by Jan Jenik.
13:22 of 2nd period - Shot Blocked by Jesper Froden.
13:24 of 2nd period - Wrist shot by Jacob Peterson.
13:24 of 2nd period - Deflect By Vinnie Hinostroza.
13:24 of 2nd period - Shot Misses the Net.
13:24 of 2nd period - Puck is out of play.
13:25 of 2nd period - Jacob Peterson wins face-off versus Jayson Megna in Stars zone.
13:26 of 2nd period - Slapshot by Martin Pospisil.
13:26 of 2nd period - Stopped by Matthew Murray with a rebound.
13:28 of 2nd period - Snap shot by Vinnie Hinostroza.
13:28 of 2nd period - Stopped by Matthew Murray with a rebound.
13:30 of 2nd period - Slapshot by Nick DeSimone.
13:30 of 2nd period - Stopped by Matthew Murray with a rebound.
13:32 of 2nd period - Slapshot by Nick DeSimone.
13:32 of 2nd period - Shot Misses the Net.
13:34 of 2nd period - Wrist shot by Martin Pospisil.
13:34 of 2nd period - Deflect By Jacob Peterson.
13:34 of 2nd period - Shot Misses the Net.
13:34 of 2nd period - Puck is out of play.
13:35 of 2nd period - Pavel Dorofeyev wins face-off versus Jacob Peterson in Stars zone.
13:35 of 2nd period - Pavel Dorofeyev is hit by Jacob Peterson.
13:59 of 2nd period - Slapshot by Oliver Kylington.
13:59 of 2nd period - Stopped by Matthew Murray without a rebound.
14:00 of 2nd period - Martin Pospisil wins face-off versus Chris Terry in Stars zone.
14:23 of 2nd period - Ethen Frank is hit by Jacob Peterson and loses puck.
19:21 of 2nd period - Jake Livingstone is hit by Lukas Rousek and loses puck.
19:46 of 2nd period - Ryan Shea is hit by Vinnie Hinostroza and loses puck.
Goals for this period are 0 for Reign vs 0 for Stars.
Shots for this period are 4 for Reign vs 1 for Stars.
3rd period
0:01 of 3rd period - Jayson Megna wins face-off versus Jacob Peterson in neutral zone.
0:25 of 3rd period - Ethen Frank is hit by Lukas Rousek and loses puck.
4:38 of 3rd period - Chris Terry is hit by Georgii Merkulov and loses puck.
4:46 of 3rd period - Icing by Jakub Lauko.
4:47 of 3rd period - Jacob Peterson wins face-off versus Pavel Dorofeyev in Stars zone.
5:14 of 3rd period - Martin Pospisil is hit by Ethen Frank.
8:27 of 3rd period - Jimmy Huntington is hit by Ryan Tverberg and loses puck.
8:56 of 3rd period - Joe Hicketts is hit by Pavol Regenda and loses puck.
14:31 of 3rd period - Icing by Oliver Kylington.
14:32 of 3rd period - Jayson Megna wins face-off versus Carter Mazur in Reign zone.
15:05 of 3rd period - Carter Mazur is hit by Ethen Frank and loses puck.
15:46 of 3rd period - Jake Livingstone is hit by Vinnie Hinostroza.
16:00 of 3rd period - Pavel Dorofeyev is hit by Louie Belpedio and loses puck.
17:25 of 3rd period - Icing by Nikolas Matinpalo.
17:26 of 3rd period - Nick DeSimone wins face-off versus Jimmy Huntington in Reign zone.
17:28 of 3rd period - Icing by Kevin Korchinski.
17:29 of 3rd period - Nick DeSimone wins face-off versus Jimmy Huntington in Reign zone.
17:34 of 3rd period - Wrist shot by Jayson Megna.
17:34 of 3rd period - Stopped by Jet Greaves without a rebound.
17:35 of 3rd period - Jacob Peterson wins face-off versus Pavel Dorofeyev in Reign zone.
Goals for this period are 0 for Reign vs 0 for Stars.
Shots for this period are 0 for Reign vs 1 for Stars.
Overtime #1
0:01 of 1st overtime period - Drake Caggiula wins face-off versus Ryan Tverberg in neutral zone.
0:12 of 1st overtime period - Slapshot by Ethan Prow.
0:12 of 1st overtime period - Deflect By Carter Mazur.
0:12 of 1st overtime period - Stopped by Jet Greaves with a rebound.
0:14 of 1st overtime period - Snap shot by Logan Morrison.
0:14 of 1st overtime period - Shot Misses the Net.
0:16 of 1st overtime period - Slapshot by Ethan Prow.
0:16 of 1st overtime period - Deflect By Logan Morrison.
0:16 of 1st overtime period - Stopped by Jet Greaves with a rebound.
0:42 of 1st overtime period - Logan Morrison is hit by Vinnie Hinostroza.
1:55 of 1st overtime period - Wrist shot by Georgii Merkulov.
1:55 of 1st overtime period - Shot Misses the Net.
1:57 of 1st overtime period - Snap shot by Jacob Peterson.
1:57 of 1st overtime period - Shot Misses the Net.
1:59 of 1st overtime period - Backhand shot by Georgii Merkulov.
1:59 of 1st overtime period - Deflect By Jacob Peterson.
1:59 of 1st overtime period - Shot Misses the Net.
1:59 of 1st overtime period - Puck is out of play.
2:00 of 1st overtime period - Drake Caggiula wins face-off versus Ryan Tverberg in Stars zone.
2:29 of 1st overtime period - Slapshot by Drake Caggiula.
2:29 of 1st overtime period - Stopped by Jet Greaves without a rebound.
2:30 of 1st overtime period - Jimmy Huntington wins face-off versus Vinnie Hinostroza in Reign zone.
2:31 of 1st overtime period - Wrist shot by Jakub Lauko.
2:31 of 1st overtime period - Goal by Jakub Lauko - Reign : 0 - Stars : 1.
Goals for this period are 0 for Reign vs 1 for Stars.
Shots for this period are 0 for Reign vs 4 for Stars.